| TOP OF THE 1ST |
|
Quad Cities River Bandits batting - Pitching for Beloit Snappers : RHP Jesse Clark
|
|
Pitching: RHP Jesse Clark
|
|
|
Batting: RHB Sean Mounts
|
0-0: Ball 1-0: Called Strike 1-1: Foul Ball, location: 2F 1-2: SINGLE (Line Drive, 4D, EV 103.8 MPH)
|
|
Batting: LHB Daigo Ishii
|
0-0: Ball 1-0: Ball Sean Mounts steals 2nd, throwing error, E2 Sean Mounts to third 2-0: Swinging Strike 2-1: Foul Ball, location: 2F 2-2: Foul Ball, location: 2F 2-2: Strikes out looking
|
|
Batting: LHB Josh Birkner
|
0-0: Called Strike 0-1: Ball 1-1: Ball 2-1: Ball 3-1: Fly out, F9 (Flyball, 9D, EV 88.8 MPH) Runner from 3rd tags up, SCORES, throw by RF
|
|
Batting: LHB Kelvin Jones
|
0-0: Foul Ball, location: 2F 0-1: Foul Ball, location: 2F 0-2: Ball 1-2: Ball 2-2: Ball 3-2: Foul Ball, location: 2F 3-2: Foul Ball, location: 2F 3-2: Foul Ball, location: 2F 3-2: Strikes out swinging
|
| Top of the 1st over - 1 run, 1 hit, 1 error, 0 left on base; Quad Cities 1 - Beloit 0 |
| BOTTOM OF THE 1ST |
|
Beloit Snappers batting - Pitching for Quad Cities River Bandits : RHP Isaiah McLaurin
|
|
Pitching: RHP Isaiah McLaurin
|
|
|
Batting: RHB Chris Bohm
|
0-0: Ball 1-0: Swinging Strike 1-1: Ball 2-1: Ground out 5-3 (Groundball, 56S, EV 85.6 MPH)
|
|
Batting: LHB Jeremy Brammer
|
0-0: Ball 1-0: Fly out, F9 (Flyball, 9S, EV 93.8 MPH)
|
|
Batting: RHB Shannon Beck
|
0-0: Ball 1-0: Ball 2-0: Ball 3-0: Called Strike 3-1: Base on Balls
|
|
Batting: LHB Felipe Gomez
|
0-0: Ball 1-0: Ball 2-0: Ball 3-0: Called Strike 3-1: Swinging Strike 3-2: Base on Balls Shannon Beck to second
|
|
Batting: RHB Mike Gangi
|
0-0: Ball 1-0: Called Strike 1-1: Ball 2-1: Foul Ball, location: 2F 2-2: Foul Ball, location: 2F 2-2: Ball 3-2: Base on Balls Shannon Beck to third Felipe Gomez to second
|
|
Batting: LHB Robert Wilkins
|
0-0: Ball 1-0: Foul Ball, location: 2F 1-1: Ball 2-1: Ball 3-1: Foul Ball, location: 2F 3-2: Base on Balls Shannon Beck scores Felipe Gomez to third Mike Gangi to second
|
|
Batting: RHB Emiel Schlepers
|
0-0: Ball 1-0: Called Strike 1-1: Ball 2-1: SINGLE (Line Drive, 7S, EV 88.8 MPH) Felipe Gomez scores Mike Gangi to third Robert Wilkins to second Runner from 3rd tries for Home, SAFE, throw by LF to home
|
|
Batting: RHB Clay Statum
|
0-0: Swinging Strike 0-1: Called Strike 0-2: Ball 1-2: Ball 2-2: Strikes out swinging
|
| Bottom of the 1st over - 3 runs, 1 hit, 0 errors, 2 left on base; Quad Cities 1 - Beloit 3 |
| TOP OF THE 2ND |
|
Quad Cities River Bandits batting - Pitching for Beloit Snappers : RHP Jesse Clark
|
|
Batting: LHB Bob Govella
|
0-0: Ball 1-0: Called Strike 1-1: Swinging Strike 1-2: Strikes out swinging
|
|
Batting: RHB Kieron Clark
|
0-0: Called Strike 0-1: Ball 1-1: Foul Ball, location: 2F 1-2: DOUBLE (Flyball, 89D, EV 103.1 MPH)
|
|
Batting: LHB Fernando Gomez
|
0-0: Called Strike 0-1: Ball 1-1: Ball 2-1: Ground out 1-3 (Groundball, P, EV 74.4 MPH) Kieron Clark to third
|
|
Batting: RHB Reginald McDougall
|
0-0: Ball 1-0: Foul Ball, location: 2F 1-1: Called Strike 1-2: Ground out 4-3 (Groundball, 34, EV 76.2 MPH)
|
| Top of the 2nd over - 0 runs, 1 hit, 0 errors, 1 left on base; Quad Cities 1 - Beloit 3 |
| BOTTOM OF THE 2ND |
|
Beloit Snappers batting - Pitching for Quad Cities River Bandits : RHP Isaiah McLaurin
|
|
Batting: RHB Tetsuya Shinoda
|
0-0: SINGLE (Groundball, 56D, EV 100.6 MPH)
|
|
Batting: RHB Chris Bohm
|
0-0: Foul Ball, location: 2F 0-1: Foul Ball, location: 2F 0-2: Ball 1-2: Ball 2-2: Ball 3-2: Foul Ball, location: 2F 3-2: SINGLE (Groundball, 4S, EV 65.0 MPH) (infield hit) Tetsuya Shinoda to second
|
|
Batting: LHB Jeremy Brammer
|
0-0: Ball 1-0: Fielders Choice at 2nd, 2-4 (Groundball, 2L, EV 68.8 MPH) Tetsuya Shinoda to third
|
|
Batting: RHB Shannon Beck
|
0-0: Ball 1-0: Swinging Strike 1-1: Called Strike 1-2: Hit by Pitch Jeremy Brammer to second
|
|
Batting: LHB Felipe Gomez
|
0-0: Called Strike 0-1: Ball 1-1: Foul Ball, location: 2F 1-2: Ball 2-2: Strikes out swinging
|
|
Batting: RHB Mike Gangi
|
0-0: Called Strike 0-1: Ground out 6-3 (Groundball, 56, EV 98.8 MPH)
|
| Bottom of the 2nd over - 0 runs, 2 hits, 0 errors, 3 left on base; Quad Cities 1 - Beloit 3 |
| TOP OF THE 3RD |
|
Quad Cities River Bandits batting - Pitching for Beloit Snappers : RHP Jesse Clark
|
|
Batting: RHB Ray Souza
|
0-0: Ball 1-0: Foul Ball, location: 2F 1-1: Foul Ball, location: 2F 1-2: Ball 2-2: Ground out 6-3 (Groundball, 6S, EV 65.6 MPH)
|
|
Batting: RHB Sean Mounts
|
0-0: Ball 1-0: Fly out, F8 (Flyball, 8RXD, EV 91.2 MPH)
|
|
Batting: LHB Daigo Ishii
|
0-0: Called Strike 0-1: Ball 1-1: Foul Ball, location: 2F 1-2: Ball 2-2: Strikes out swinging
|
| Top of the 3rd over - 0 runs, 0 hits, 0 errors, 0 left on base; Quad Cities 1 - Beloit 3 |
| BOTTOM OF THE 3RD |
|
Beloit Snappers batting - Pitching for Quad Cities River Bandits : RHP Isaiah McLaurin
|
|
Batting: LHB Robert Wilkins
|
0-0: Fly out, F9 (Flyball, 89M, EV 94.4 MPH)
|
|
Batting: RHB Emiel Schlepers
|
0-0: Ball 1-0: Foul Ball, location: 2F 1-1: Ball 2-1: Foul Ball, location: 2F 2-2: TRIPLE (Flyball, 89XD, EV 91.9 MPH)
|
|
Batting: RHB Clay Statum
|
0-0: Ball 1-0: Ball 2-0: Fly out, F9 (Flyball, 89M, EV 86.9 MPH)
|
|
Batting: RHB Tetsuya Shinoda
|
0-0: Swinging Strike 0-1: Fly out, F9 (Flyball, 9LM, EV 99.4 MPH)
|
| Bottom of the 3rd over - 0 runs, 1 hit, 0 errors, 1 left on base; Quad Cities 1 - Beloit 3 |
| TOP OF THE 4TH |
|
Quad Cities River Bandits batting - Pitching for Beloit Snappers : RHP Jesse Clark
|
|
Batting: LHB Josh Birkner
|
0-0: Ball 1-0: Called Strike 1-1: Ground out 4-3 (Groundball, 34D, EV 81.9 MPH)
|
|
Batting: LHB Kelvin Jones
|
0-0: Called Strike 0-1: Ball 1-1: Swinging Strike 1-2: Strikes out swinging
|
|
Batting: LHB Bob Govella
|
0-0: Swinging Strike 0-1: Foul Ball, location: 2F 0-2: Ball 1-2: DOUBLE (Flyball, 78XD, EV 105.0 MPH)
|
|
Batting: RHB Kieron Clark
|
0-0: Called Strike 0-1: Foul Ball, location: 2F 0-2: Foul Ball, location: 2F 0-2: Ball 1-2: Ball 2-2: Foul Ball, location: 2F 2-2: 2-RUN HOME RUN (Flyball, 7D, EV 95.0 MPH), Distance : 362 ft
|
|
Batting: LHB Fernando Gomez
|
0-0: Called Strike 0-1: Ball 1-1: Ball 2-1: Fly out, F7 (Line Drive, 7, EV 91.2 MPH)
|
| Top of the 4th over - 2 runs, 2 hits, 0 errors, 0 left on base; Quad Cities 3 - Beloit 3 |
| BOTTOM OF THE 4TH |
|
Beloit Snappers batting - Pitching for Quad Cities River Bandits : RHP Isaiah McLaurin
|
|
Batting: RHB Chris Bohm
|
0-0: Ball 1-0: Called Strike 1-1: Ball 2-1: Foul Ball, location: 2F 2-2: Ground out 4-3 (Groundball, 4, EV 80.6 MPH)
|
|
DELAY
|
Rain delay of 66 minutes in the 4th inning.
|
|
Pitching: LHP Glenn Lowther
|
|
|
Batting: LHB Jeremy Brammer
|
0-0: Ball 1-0: Ball 2-0: SINGLE (Groundball, 4D, EV 100.6 MPH)
|
|
Batting: RHB Shannon Beck
|
0-0: Fly out, F9 (Line Drive, 9D, EV 89.4 MPH)
|
|
Batting: LHB Felipe Gomez
|
0-0: Ball 1-0: Called Strike 1-1: Ball 2-1: Swinging Strike 2-2: Ball Jeremy Brammer steals 2nd base (no throw) 3-2: Foul Ball, location: 2F 3-2: Strikes out swinging
|
| Bottom of the 4th over - 0 runs, 1 hit, 0 errors, 1 left on base; Quad Cities 3 - Beloit 3 |
| TOP OF THE 5TH |
|
Quad Cities River Bandits batting - Pitching for Beloit Snappers : RHP Jesse Clark
|
|
Pitching: RHP Juan Lucero
|
|
|
Batting: RHB Reginald McDougall
|
0-0: Swinging Strike 0-1: Swinging Strike 0-2: Ball 1-2: Ball 2-2: Foul Ball, location: 2F 2-2: Foul Ball, location: 2F 2-2: Strikes out looking
|
|
Batting: RHB Ray Souza
|
0-0: Ball 1-0: Called Strike 1-1: Foul Ball, location: 2F 1-2: Strikes out swinging
|
|
Batting: RHB Sean Mounts
|
0-0: Called Strike 0-1: Called Strike 0-2: Ball 1-2: Strikes out swinging
|
| Top of the 5th over - 0 runs, 0 hits, 0 errors, 0 left on base; Quad Cities 3 - Beloit 3 |
| BOTTOM OF THE 5TH |
|
Beloit Snappers batting - Pitching for Quad Cities River Bandits : LHP Glenn Lowther
|
|
Batting: RHB Mike Gangi
|
0-0: Ball 1-0: Ball 2-0: Ball 3-0: Called Strike 3-1: Fly out, F8 (Line Drive, 89M, EV 85.6 MPH)
|
|
Batting: LHB Robert Wilkins
|
0-0: Swinging Strike 0-1: Ball 1-1: Ball 2-1: TRIPLE (Line Drive, 78XD, EV 99.4 MPH)
|
|
Batting: RHB Emiel Schlepers
|
0-0: Ball 1-0: Ball 2-0: Called Strike 2-1: Swinging Strike 2-2: Ball 3-2: Base on Balls
|
|
Batting: RHB Clay Statum
|
0-0: Foul Ball, location: 2F 0-1: Foul Ball, location: 2F 0-2: Ball 1-2: Ball 2-2: Ball 3-2: Ground out 4-3 (Groundball, 13, EV 91.9 MPH) Robert Wilkins scores Emiel Schlepers to second
|
|
Batting: RHB Tetsuya Shinoda
|
0-0: Called Strike 0-1: Ball 1-1: SINGLE (Flyball, 7LS, EV 85.0 MPH) Emiel Schlepers to third Runner from 3rd tries for Home, SAFE, throw by LF to home
|
|
Batting: RHB Chris Bohm
|
0-0: Ball 1-0: DOUBLE (Flyball, 89XD, EV 92.5 MPH) Tetsuya Shinoda to third
|
|
Batting: LHB Jeremy Brammer
|
0-0: Ball 1-0: Ground out 1-3 (Groundball, 13S, EV 68.1 MPH)
|
| Bottom of the 5th over - 2 runs, 3 hits, 0 errors, 2 left on base; Quad Cities 3 - Beloit 5 |
| TOP OF THE 6TH |
|
Quad Cities River Bandits batting - Pitching for Beloit Snappers : RHP Juan Lucero
|
|
Batting: LHB Daigo Ishii
|
0-0: Ball 1-0: Ground out 4-3 (Groundball, 4S, EV 79.4 MPH)
|
|
Batting: LHB Josh Birkner
|
0-0: Called Strike 0-1: Called Strike 0-2: Foul Ball, location: 2F 0-2: Foul Ball, location: 2F 0-2: Hit by Pitch
|
|
Batting: LHB Kelvin Jones
|
0-0: Ball 1-0: Called Strike 1-1: Called Strike 1-2: Foul Ball, location: 2F 1-2: Strikes out swinging
|
|
Batting: LHB Bob Govella
|
0-0: Ball 1-0: Ball 2-0: Called Strike 2-1: Swinging Strike 2-2: Strikes out swinging
|
| Top of the 6th over - 0 runs, 0 hits, 0 errors, 1 left on base; Quad Cities 3 - Beloit 5 |
| BOTTOM OF THE 6TH |
|
Beloit Snappers batting - Pitching for Quad Cities River Bandits : LHP Glenn Lowther
|
|
Batting: RHB Shannon Beck
|
0-0: Ball 1-0: Foul Ball, location: 2F 1-1: Foul Ball, location: 2F 1-2: Foul Ball, location: 2F 1-2: Ground out 4-3 (Groundball, 4, EV 85.0 MPH)
|
|
Batting: LHB Felipe Gomez
|
0-0: Called Strike 0-1: Called Strike 0-2: Strikes out swinging
|
|
Batting: RHB Mike Gangi
|
0-0: Ball 1-0: Ball 2-0: Reached on error, E3 (Groundball, 34, EV 85.6 MPH)
|
|
Batting: LHB Robert Wilkins
|
0-0: Called Strike 0-1: Foul Ball, location: 2F 0-2: Foul Ball, location: 2F 0-2: Ball 1-2: Fly out, F8 (Line Drive, 8RM, EV 105.6 MPH)
|
| Bottom of the 6th over - 0 runs, 0 hits, 1 error, 1 left on base; Quad Cities 3 - Beloit 5 |
| TOP OF THE 7TH |
|
Quad Cities River Bandits batting - Pitching for Beloit Snappers : RHP Juan Lucero
|
|
Batting: RHB Kieron Clark
|
0-0: Called Strike 0-1: Foul Ball, location: 2F 0-2: Ball 1-2: DOUBLE (Line Drive, 8LD, EV 109.4 MPH)
|
|
Batting: LHB Fernando Gomez
|
0-0: Swinging Strike 0-1: Called Strike 0-2: Ball 1-2: Foul Ball, location: 2F 1-2: Ball 2-2: Ball 3-2: Base on Balls
|
|
Batting: RHB Reginald McDougall
|
0-0: Bunted foul 0-1: Ball 1-1: Bunt missed! 1-2: Foul Ball, location: 2F 1-2: Fly out, F8 (Flyball, 8LM, EV 80.0 MPH)
|
|
Batting: RHB Ray Souza
|
0-0: Called Strike 0-1: Foul Ball, location: 2F 0-2: Grounds into double play, 4-6-3 (Groundball, 4S, EV 84.4 MPH)
|
| Top of the 7th over - 0 runs, 1 hit, 0 errors, 1 left on base; Quad Cities 3 - Beloit 5 |
| BOTTOM OF THE 7TH |
|
Beloit Snappers batting - Pitching for Quad Cities River Bandits : LHP Glenn Lowther
|
|
Pitching: RHP Gabe Torres
|
|
|
Batting: RHB Emiel Schlepers
|
0-0: Ball 1-0: Foul Ball, location: 2F 1-1: Swinging Strike 1-2: Strikes out swinging
|
|
Batting: RHB Clay Statum
|
0-0: Ball 1-0: Called Strike 1-1: Foul Ball, location: 2F 1-2: Ball 2-2: Ball 3-2: Ground out 4-3 (Groundball, 34D, EV 84.4 MPH)
|
|
Batting: RHB Tetsuya Shinoda
|
0-0: Ball 1-0: Ground out 5-3 (Groundball, 56S, EV 83.1 MPH)
|
| Bottom of the 7th over - 0 runs, 0 hits, 0 errors, 0 left on base; Quad Cities 3 - Beloit 5 |
| TOP OF THE 8TH |
|
Quad Cities River Bandits batting - Pitching for Beloit Snappers : RHP Juan Lucero
|
|
Pitching: LHP Alex Villagran
|
|
|
Now at 1B: Ivan Barry
|
|
|
Batting: RHB Sean Mounts
|
0-0: SINGLE (Flyball, 4D, EV 88.1 MPH)
|
|
Batting: RHB Andrew Pride
|
0-0: Called Strike 0-1: Ball 1-1: Ball 2-1: Ball 3-1: Fly out, F9 (Flyball, 9D, EV 84.4 MPH)
|
|
Batting: LHB Josh Birkner
|
0-0: Ball 1-0: Fly out, F9 (Flyball, 9LM, EV 75.6 MPH)
|
|
Batting: LHB Kelvin Jones
|
0-0: Ball 1-0: Swinging Strike 1-1: Swinging Strike 1-2: Foul Ball, location: 2F 1-2: Ground out U3 (Groundball, 3, EV 106.9 MPH)
|
| Top of the 8th over - 0 runs, 1 hit, 0 errors, 1 left on base; Quad Cities 3 - Beloit 5 |
| BOTTOM OF THE 8TH |
|
Beloit Snappers batting - Pitching for Quad Cities River Bandits : RHP Gabe Torres
|
|
Pitching: RHP Carlos Zavala
|
|
|
Batting: RHB Chris Bohm
|
0-0: Called Strike 0-1: Ball 1-1: Foul Ball, location: 2F 1-2: Foul Ball, location: 2F 1-2: Fly out, F7 (Flyball, 78XD, EV 79.4 MPH)
|
|
Batting: LHB Jeremy Brammer
|
0-0: Ground out 3-1 (Groundball, 3D, EV 110.6 MPH)
|
|
Batting: RHB Shannon Beck
|
0-0: Called Strike 0-1: Swinging Strike 0-2: Foul Ball, location: 2F 0-2: Foul Ball, location: 2F 0-2: Strikes out swinging
|
| Bottom of the 8th over - 0 runs, 0 hits, 0 errors, 0 left on base; Quad Cities 3 - Beloit 5 |
| TOP OF THE 9TH |
|
Quad Cities River Bandits batting - Pitching for Beloit Snappers : LHP Alex Villagran
|
|
Pitching: RHP Tony Contreras
|
|
|
Batting: LHB Bob Govella
|
0-0: Ball 1-0: Foul Ball, location: 2F 1-1: DOUBLE (Groundball, 3L, EV 101.9 MPH)
|
|
Pinch Hitting: LHB Danny Wolver
|
0-0: Ball 1-0: Ball 2-0: Ball 3-0: Base on Balls
|
|
Batting: LHB Fernando Gomez
|
0-0: Fly out, F7 (Flyball, 7, EV 89.4 MPH)
|
|
Pinch Hitting: LHB Aldo Kok
|
0-0: Ball 1-0: SINGLE (Groundball, 4MD, EV 106.2 MPH) Bob Govella to third Danny Wolver to second
|
|
Pinch Hitting: LHB Jackson Trottier
|
0-0: Ball 1-0: Ball 2-0: Ball 3-0: Called Strike 3-1: Grounds into double play, 5-4-3 (Groundball, 56S, EV 84.4 MPH)
|
| Top of the 9th over - 0 runs, 2 hits, 0 errors, 2 left on base; Quad Cities 3 - Beloit 5 |
|